 Dungeon Crawl Stone Soup version 0.29-a0-483-g69413ace17 (webtiles) character file.

Game seed: 116597593801014020

89 Hubjo the Firebug (level 4, -5/26 HPs)
             Began as a Deep Elf Fire Elementalist on May 25, 2022.
             Slain by Eustachio
             ... wielding a +0 falchion
              (11 damage)
             ... on level 4 of the Dungeon.
             The game lasted 00:06:43 (5477 turns).

Hubjo the Firebug (Deep Elf Fire Elementalist)      Turns: 5477, Time: 00:06:47

Health: -5/26      AC:  2    Str:  5    XL:     4   Next: 31%
Magic:  4/11       EV: 12    Int: 22    God:
Gold:   213        SH:  0    Dex: 15    Spells: 5/10 levels left

rFire   . . .      SeeInvis .   (no weapon)
rCold   + . .      Faith    .   (no shield)
rNeg    . . .      Spirit   .   a - +0 robe
rPois   .          Reflect  .   (no helmet)
rElec   .          Harm     .   (no cloak)
rCorr   .          Rampage  .   (no gloves)
Will    .....                   (no boots)
Stlth   ++........              (no amulet)
HPRegen 0.08/turn               p - ring of protection from cold
MPRegen 0.12/turn               (no ring)

@: very slightly contaminated
A: no striking features
a: no special abilities


You were on level 4 of the Dungeon.
You visited 1 branch of the dungeon, and saw 4 of its levels.

You collected 213 gold pieces.

Inventory:

Armour
 a - a +0 robe (worn)
Jewellery
 p - a ring of protection from cold (left hand)
Scrolls
 d - a scroll of summoning {unknown}
 e - 2 scrolls of teleportation
 h - a scroll of fog {unknown}
 j - a scroll of noise
 l - a scroll of acquirement {unknown}
 m - 2 scrolls of identify {unknown}
 n - a scroll of amnesia {unknown}
 o - a scroll of poison {unknown}
Potions
 c - a potion of brilliance {unknown}
 f - 2 potions of heal wounds
 g - a potion of curing {unknown}
 i - 2 potions of lignification {unknown}
 k - a potion of flight {unknown}
 q - a potion of mutation {unknown}
 r - a potion of resistance {unknown}
 s - a potion of cancellation {unknown}
 t - a potion of ambrosia {unknown}


   Skills:
 + Level 2.0 Fighting
 - Level 2.4 Dodging
 + Level 3.3 Stealth
 + Level 3.8 Spellcasting
 - Level 1.1 Conjurations
 * Level 3.9 Fire Magic


You had 5 spell levels left.
You knew the following spells:

 Your Spells              Type           Power      Damage    Failure   Level
a - Foxfire               Conj/Fire      60%        2x1d7     4%          1
b - Flame Wave            Conj/Fire      15%        2d6       38%         4

Your spell library contained the following spells:

 Spells                   Type           Power      Damage    Failure   Level
 Scorch                   Fire           42%        2d7       3%          2
 Conjure Flame            Conj/Fire      15%        6-21      12%         3
 Inner Flame              Hex/Fire       12%        N/A       16%         3


Dungeon Overview and Level Annotations

Branches:
Dungeon (4/15)
 Temple: D:4-7

Altars:

Shops:
D:3 [*(

Annotations:
D:4 Eustachio


Message History

(Press . to intensify the flame waves.) Eustachio hits you with a +0 falchion.
* * * LOW HITPOINT WARNING * * *
The crimson imp blinks!
You feel much better.
Eustachio casts a spell.
Eustachio blinks!
Eustachio hits you with a +0 falchion. The crimson imp barely misses you.
The crimson imp grins evilly.
The crimson imp closely misses you.
Casting: Flame Wave (potentially lethal; 38% risk of failure)
Confirm with . or Enter, or press ? or * to list all spells.
You conjure some foxfire!
Eustachio hits you with a +0 falchion. The crimson imp hits you.
The crimson imp summons a swarm of flies.
The crimson imp barely misses you.
Casting: Foxfire (safe; 4% risk of failure)
Confirm with . or Enter, or press ? or * to list all spells.
You conjure some foxfire!
The foxfire hits the crimson imp.
The crimson imp completely resists.
The foxfire hits the crimson imp.
The crimson imp completely resists.
The crimson imp barely misses you. x2
Eustachio hits you with a +0 falchion!
Casting: Foxfire (safe; 4% risk of failure)
Confirm with . or Enter, or press ? or * to list all spells.
You conjure some foxfire!
The foxfire hits Eustachio.
Eustachio is moderately wounded.
The foxfire hits Eustachio but does no damage.
Eustachio is moderately wounded.
Eustachio hits you with a +0 falchion.
* * * LOW HITPOINT WARNING * * *
The crimson imp closely misses you. The crimson imp hits you.
* * * LOW HITPOINT WARNING * * *
As you read the scroll labelled BOSTRO RIAZ, it crumbles to dust.
You hear a loud clanging noise!
It was a scroll of noise.
The foxfire hits the crimson imp but does no damage.
The foxfire hits the crimson imp.
The crimson imp completely resists.
The crimson imp closely misses you. The crimson imp barely misses you.
Eustachio hits you with a +0 falchion!
You die...

..?.. #.#
...... #.#
..... ...
..... ... .
... .... .
#<# ...
..######.##
..........#
.......5@.#
#......5@.#
#.........#
#.........#
#.........#
########+##


You could see Eustachio and 2 crimson imps.

Vanquished Creatures
  2 adders
  A worm (D:3)
  A dart slug (D:2)
  7 ball pythons
  5 endoplasms
  4 giant cockroaches
  9 goblins
  8 hobgoblins
  3 jackals (D:2)
  5 kobolds
  2 quokkas
  5 bats
  3 frilled lizards
  2 rats
57 creatures vanquished.

Vanquished Creatures (others)
  565 foxfires
  2 plants (D:3)
567 creatures vanquished.

Grand Total: 624 creatures vanquished

Notes
Turn   | Place    | Note
-------+----------+-------------------------------------------
     0 | D:1      | Hubjo the Deep Elf Fire Elementalist began the quest for
                  | the Orb.
     0 | D:1      | Reached XP level 1. HP: 10/10 MP: 6/6
   434 | D:1      | Reached XP level 2. HP: 16/16 MP: 5/8
   945 | D:1      | Reached skill level 1 in Fighting
  1837 | D:2      | Reached XP level 3. HP: 20/20 MP: 6/9
  3288 | D:3      | Found Keruor's Weapon Shop.
  3828 | D:3      | Found Ygogierou's General Store.
  4232 | D:3      | Found Ulosuh's Armour Boutique.
  4514 | D:3      | Reached XP level 4. HP: 19/26 MP: 6/11
  5444 | D:4      | Noticed Eustachio
  5458 | D:4      | Learned a level 4 spell: Flame Wave
  5467 | D:4      | HP: 1/26 [river rat[Eustachio] (8)]
  5477 | D:4      | Slain by Eustachio

Illustrated notes

Levels and vault maps discovered:
D:1:      evilmike_arrival_fibonacci_small, layout_loops_ring
D:2:      layout_loops_ring
D:3:      corexii_shack_village, layout_basic, serial_shops, shop, shop,
          nicolae_shop_statue_plus, kennysheep_generic_room_14
D:4:      layout_basic, minmay_temple_entry_drinking_statues, uniq_eustachio

Skill      XL: |  1  2  3  4 |
---------------+-------------+-----
Fighting       | 1 2 |  2.0
Stealth        | 3 |  3.3
Dodging        | |  2.4
Spellcasting   | |  3.8
Conjurations   | |  1.1
Fire Magic     | |  3.9

Action                   |  1- 3 |  4- 6 || total
-------------------------+-------+-------++-------
 Cast: Foxfire           |   270 |    72 ||   342
       Flame Wave        |       |     1 ||     1
  Use: Scroll            |     1 |     2 ||     3
       Potion            |       |     3 ||     3
Armor: Robe              |     1 |     1 ||     2
Dodge: Dodged            |     6 |    17 ||    23

Table legend: (Time is in decaauts)
 A = Elapsed time spent in this place.
 B = Non-inter-level travel time spent in this place.
 C = Inter-level travel time spent in this place.
 D = Time resting spent in this place.
 E = Time spent auto-exploring this place.
 F = Levels seen in this place.
 G = Mean time per level.
                   A        B        C        D        E       F      G
               +--------+--------+--------+--------+--------+-----+--------+
         Total |   5475 |   5347 |    128 |      0 |   4810 |   4 | 1368.8 |
       Dungeon |   5475 |   5347 |    128 |      0 |   4810 |   4 | 1368.8 |
               +--------+--------+--------+--------+--------+-----+--------+

Top non-repeatable levels by time:
     D:3: 2101 daAuts
     D:1: 1684 daAuts
     D:2: 1506 daAuts
     D:4: 183 daAuts
